 Dungeon Crawl Stone Soup version 0.20-a0-550-gf70bbbc (webtiles) character file.

91 Heleg the Cudgeler (level 4, -1/40 HPs)
             Began as a Draconian Berserker on Feb 2, 2017.
             Was a Follower of Trog.
             Slain by a gnoll
             ... wielding a +0 flail
              (14 damage)
             ... on level 2 of the Dungeon.
             The game lasted 00:20:15 (1367 turns).

Heleg the Cudgeler (Draconian Berserker)            Turns: 1367, Time: 00:20:15

Health: -1/40      AC:  5    Str: 20    XL:     4   Next: 33%
Magic:  4/4        EV: 13    Int:  7    God:    Trog [*.....]
Gold:   142        SH:  0    Dex: 11    Spells: 3/3 levels left

rFire    + . .     SeeInvis +   g - +3 whip (pain)
rCold    x . .     Gourm    .   (armour unavailable)
rNeg     . . .     Faith    .   (no shield)
rPois    .         Spirit   .   (helmet restricted)
rElec    .         Reflect  .   (no cloak)
rCorr    .         Harm     .   (no gloves)
MR       .....                  (no boots)
Stlth    +.........             (no amulet)
Regen    0.2/turn               b - ring of see invisible
                                l - ring of fire

@: no status effects
A: unfitting armour, cold-blooded, AC +5
a: Berserk, Burn Spellbooks, Renounce Religion


You were on level 2 of the Dungeon.
You worshipped Trog.
Trog was aware of your devotion.
You were very full.

You visited 1 branch of the dungeon, and saw 2 of its levels.

You collected 142 gold pieces.

Inventory:

Hand Weapons
 a - a +0 mace
 c - a +0 short sword
 g - a +3 whip of pain (weapon)
 j - a cursed -1 hunting sling
Missiles
 e - 8 tomahawks (quivered)
Armour
 h - a +1 scale mail
Jewellery
 b - a ring of see invisible (right hand)
 l - a ring of fire (left hand)
Scrolls
 n - a scroll of teleportation
Potions
 d - 2 potions of magic
Comestibles
 i - 13 chunks of flesh


   Skills:
 + Level 3.7 Fighting
 + Level 4.0 Maces & Flails
 + Level 3.6 Dodging
 + Level 0.6 Stealth


You had 3 spell levels left.
You didn't know any spells.

Dungeon Overview and Level Annotations

Branches:
Dungeon (2/15)

Altars:


Innate Abilities, Weirdness & Mutations

Your plain brown scales are hard. (AC +5)
You cannot fit into any form of body armour.
You are cold-blooded and may be slowed by cold attacks.


Message History

The gnoll hits you but does no damage.
You whack the gnoll!
The gnoll is heavily wounded.
The gnoll hits you with a flail.
* * * LOW HITPOINT WARNING * * *
You barely miss the gnoll.
The gnoll is heavily wounded.
The gnoll closely misses you.
You barely miss the gnoll.
The gnoll is heavily wounded.
You hit the gnoll but do no damage.
Your tail-slap misses the gnoll.
The gnoll is heavily wounded.
The gnoll barely misses you.
You completely miss the gnoll.
Your tail-slap misses the gnoll.
The gnoll is heavily wounded.
The gnoll closely misses you.
You hit the gnoll.
Your tail-slap misses the gnoll.
The gnoll is severely wounded.
The gnoll hits you with a flail!
You die...

#.........#..# #.....#
#.#.......##.## #.....#
<.........#...# ##..[##
###.......#.#.# ##...#######
###.........#.# #..........#
...)......###.###..........#
####.....####..............#
###...#......g...#..##### #
##..#........@...##^# #
#..##.#..........##.# ##
#.#...#.........>##.## .#
#.#.########....<.)).#
.###.#.# #.........#
..##.#.# #.(.......#
#.##.#.## #.........#
#.#.....# #.........#
#.......# #.........#


You could see a gnoll.

Vanquished Creatures
  3 gnolls (D:2)
  3 adders (D:2)
  A dart slug (D:2)
  2 leopard geckos
  2 giant cockroaches (D:1)
  A goblin (D:2)
  4 hobgoblins
  3 jackals (D:1)
  6 bats
  2 frilled lizards
  5 kobolds
  2 rats (D:1)
34 creatures vanquished.

Notes
Turn   | Place    | Note
-------+----------+-------------------------------------------
     0 | D:1      | Heleg the Draconian Berserker began the quest for the Orb.
     0 | D:1      | Reached XP level 1. HP: 19/19 MP: 1/1
   367 | D:1      | Reached XP level 2. HP: 23/26 MP: 2/2
   891 | D:2      | Reached XP level 3. HP: 27/31 MP: 3/3
  1313 | D:2      | Reached XP level 4. HP: 33/40 MP: 4/4
  1324 | D:2      | Reached skill level 4 in Maces & Flails
  1367 | D:2      | Slain by a gnoll

Vault maps used:
D:1:      elethiomel_arrival_quiet, nrook_mini_vaults

Skill      XL: |  1  2  3  4 |
---------------+-------------+-----
Dodging        | 3 |  3.6
Maces & Flails | 4 |  4.0
Fighting       | |  3.7
Stealth        | |  0.6

Action                   |  1- 3 |  4- 6 || total
-------------------------+-------+-------++-------
Melee: Mace              |    11 |       ||    11
       Whip              |    87 |    11 ||    98
       Tailslap          |     3 |     1 ||     4
Throw: Tomahawk          |     1 |       ||     1
Invok: Berserk           |       |     1 ||     1
  Use: Scroll            |     6 |       ||     6
       Potion            |     1 |       ||     1
  Eat: Bread ration      |     1 |       ||     1
       Meat ration       |     1 |       ||     1
Armor: Skin              |    25 |     1 ||    26
Dodge: Dodged            |    69 |    15 ||    84
